 Dungeon Crawl Stone Soup version 0.19-a0-27-g415f530 (webtiles) character file.

4 M4edhros the Grave Robber (level 1, -3/9 HPs)
             Began as an Octopode Necromancer on May 1, 2016.
             Slain by a gnoll
             ... wielding a cursed -3 flail
              (7 damage)
             ... on level 2 of the Dungeon.
             The game lasted 00:00:41 (117 turns).

M4edhros the Grave Robber (Octopode Necromancer)     Turns: 117, Time: 00:00:41

Health: -3/9       AC:  5    Str:  7    XL:     1   Next: 70%
Magic:  1/3        EV: 12    Int: 17    God:
Gold:   11         SH:  0    Dex: 11    Spells: 1 memorised, 3 levels left

rFire  . . .     SeeInvis .       - Unarmed
rCold  . . .     Gourm    .     (no shield)
rNeg   . . .     Faith    .     (helmet restricted)
rPois  .         Spirit   .     (no amulet)
rElec  .         Dismiss  .     (no ring)
rCorr  .         Reflect  .     (no ring)
SustAt .         Harm     .     (no ring)
MR     .....                    (no ring)
Stlth  +++.......               (no ring)
                                (no ring)
                                (no ring)
                                (no ring)

@: not resistant to hostile enchantments, fairly stealthy
A: almost no armour, amphibious, 8 rings, constrict 8, rough black scales 1,
camouflage 1, frail 1, wild magic 1, gelatinous body 1
a: no special abilities


You were on level 2 of the Dungeon.
You were not hungry.

You visited 1 branch of the dungeon, and saw 3 of its levels.

You collected 11 gold pieces.

Inventory:

Scrolls
 c - a scroll of enchant weapon {unknown}
Books
 a - a book of Necromancy

   Spells                             Type                      Level
   a - Pain                           Necromancy                   1
   b - Animate Skeleton               Necromancy                   1
   c - Vampiric Draining              Necromancy                   3
   d - Regeneration                   Charms/Necromancy            3
   e - Animate Dead                   Necromancy                   4
   f - Control Undead                 Necromancy                   4
Comestibles
 b - a bread ration


   Skills:
 - Level 2.0 Dodging
 - Level 2.6 Stealth
 + Level 1.2 Unarmed Combat
 - Level 2.0 Spellcasting
 - Level 4.0 Necromancy


You had 3 spell levels left.
You knew the following spells:

 Your Spells              Type           Power        Failure   Level  Hunger
a - Pain                  Necr           ###.         6%          1    #......


Dungeon Overview and Level Annotations

Branches:
Dungeon (3/15)

Altars:
Kikubaaqudgha
Pakellas
Trog


Innate Abilities, Weirdness & Mutations

You cannot wear most types of armour.
You are amphibious.
You can wear up to eight rings at the same time.
You can use your tentacles to constrict eight enemies at once.
Your skin changes colour to match your surroundings (Stealth).
Your rubbery body absorbs attacks (AC +1).
You are partially covered in rough black scales (AC +4, Dex -1).
You are frail (-10% HP).
Your spells are a little harder to cast, but a little more powerful.


Message History

You feel frail.
You feel less in control of your magic.
Rough black scales grow over part of your body.
Found an escape hatch in the ceiling.
You see here 8 gold pieces.
There is a stone staircase leading up here.
The gnoll hits you with a flail.
You climb upwards.
There is a stone staircase leading down here.
You completely miss the gnoll. You grab the gnoll.
The gnoll is moderately wounded.
You constrict the gnoll, but do no damage.
The gnoll barely misses you.
You tentacle-slap the gnoll.
The gnoll is heavily wounded.
You constrict the gnoll. The gnoll closely misses you.
You barely miss the gnoll.
The gnoll is heavily wounded.
You constrict the gnoll. The gnoll hits you with a flail!
Ouch! That really hurt!
You die...

# #. ######.###########
#@g........ .....
######.##.#....#####.##
#.......#.#............
#.####.................
#...)<..#.#..........#.
#..##...#.#..........#.
#. #....#+#.#######.###
# #........# #...
####.....# #####


You could see a gnoll.

Vanquished Creatures
  A dart slug (D:1)
  A hobgoblin (D:2)
  A rat (D:2)
3 creatures vanquished.

Notes
Turn   | Place    | Note
--------------------------------------------------------------
     0 | D:1      | M4edhros the Octopode Necromancer began the quest for the Orb.
     0 | D:1      | Reached XP level 1. HP: 11/11 MP: 3/3
    42 | D:2      | Reached skill level 1 in Unarmed Combat
    73 | D:3      | Found an oddly glowing altar of Pakellas.
    74 | D:3      | Found an ancient bone altar of Kikubaaqudgha.
    77 | D:3      | Found a bloodstained altar of Trog.
   106 | D:3      | Gained mutation: You are frail (-10% HP). [potion of mutation]
   106 | D:3      | Gained mutation: Your spells are a little harder to cast, but a little more powerful. [potion of mutation]
   106 | D:3      | Gained mutation: You are partially covered in rough black scales (AC +4, Dex -1). [potion of mutation]
   117 | D:2      | Slain by a gnoll

Vault maps used:
D:1:      wheals_arrival_shading
D:2:      makhleb_grotto_becter, due_unseen_surprise
D:3:      xom_redecorated, okawaru_metal_pillars_1_2, minitemple,
          ecumenical_altar_2, grunt_pakellas_mercury, uniq_terence

Skill      XL: |  1 |
---------------+----+-----
Unarmed Combat | 1 |  1.2
Dodging        | |  2.0
Stealth        | |  2.6
Spellcasting   | |  2.0
Necromancy     | |  4.0

Action                   || total
-------------------------++-------
Melee: Unarmed           ||     5
       Constrict         ||     2
       Punch             ||     1
       Tentacles         ||     1
 Cast: Pain              ||     5
  Use: Potion            ||     1
 Stab: Sleeping          ||     2
Dodge: Dodged            ||     2
